 Dungeon Crawl Stone Soup version 0.29.0-4-gdea44cf6ec (webtiles) character file.

Game seed: 4154297668923570498

12191 qw the Grappler (level 11, -1/104 HPs)
             Began as a Troll Cinder Acolyte on Sept 3, 2022.
             Was an Initiate of Ignis.
             Slain by a 12-headed hydra (6 damage)
             ... on level 2 of the Lair of Beasts.
             The game lasted 00:05:32 (9463 turns).

qw the Grappler (Troll Cinder Acolyte)              Turns: 9463, Time: 00:05:33

Health: -1/104     AC: 15    Str: 28    XL:     11   Next: 59%
Magic:  11/11      EV:  7    Int: 10    God:    Ignis [......]
Gold:   700        SH:  8    Dex:  3    Spells: 12/12 levels left

rFire   + . .      SeeInvis .     - Unarmed
rCold   . . .      Faith    .   e - +0 kite shield
rNeg    . . .      Spirit   .   g - +3 swamp dragon scales
rPois   +          Reflect  .   (helmet restricted)
rElec   .          Harm     .   m - +0 cloak
rCorr   .          Rampage  .   (gloves unavailable)
Will    ++...                   (boots unavailable)
Stlth   ..........              h - amulet of the acrobat
HPRegen 1.07/turn               l - ring of willpower
MPRegen 0.12/turn               p - ring of willpower

@: about to teleport
A: large, unfitting armour, claws 3, regeneration 1, shaggy fur 1, tough skin 1,
iridescent scales 1, clumsy 1
a: Renounce Religion, Rising Flame


You were on level 2 of the Lair of Beasts.
You worshipped Ignis.
Ignis was noncommittal.
You visited 2 branches of the dungeon, and saw 11 of its levels.

You collected 700 gold pieces.


Innate Abilities, Weirdness & Mutations

You are too large for most types of armour.
You have claws for hands.
Your natural rate of healing is unusually fast.
You are covered in fur. (AC +1)
You have tough skin. (AC +1)
You are partially covered in iridescent scales. (AC +2)
You are clumsy. (Dex -2)


   Skills:
 - Level 5.4 Fighting
 - Level 5.3 Throwing
 - Level 2.1 Armour
 - Level 1.2 Dodging
 + Level 9.5 Shields
 - Level 13.0 Unarmed Combat
 - Level 1.0 Spellcasting
 - Level 2.1 Fire Magic


You had 12 spell levels left.
You didn't know any spells.
Your spell library contained the following spells:

 Spells                   Type           Power      Damage    Failure   Level
 Scorch                   Fire           8%         2d5       52%         2

Inventory:

Armour
 e - a +0 kite shield (worn)
 g - +3 swamp dragon scales (worn)
 m - a +0 cloak (worn)
Jewellery
 c - an amulet of regeneration
 h - an amulet of the acrobat (around neck)
 l - a ring of willpower (left claw)
 n - a ring of resist corrosion
 p - a ring of willpower (right claw)
 q - a ring of positive energy
Scrolls
 f - 2 scrolls of identify
 j - a scroll of teleportation
Potions
 a - a potion of resistance
 b - 5 potions of heal wounds
 d - 2 potions of haste
 i - 3 potions of curing
 s - a potion of mutation

Dungeon Overview and Level Annotations

Branches:
Dungeon (9/15)             Temple (0/1) D:6            Lair (2/5) D:9
  Swamp: Lair:2-3    Shoals: Lair:2-3     Snake: Lair:2-3    Spider: Lair:2-3
    Orc: D:9-12

Altars:
Cheibriados
Makhleb
Okawaru
Zin

Shops:
D:2 =

Annotations:
D:2 1 runed translucent door, Crazy Yiuf
Lair:2 Fannar


Message History

The nine-headed hydra bites you but does no damage.
The nine-headed hydra bites you! The nine-headed hydra bites you.
You tear one of the nine-headed hydra's heads off!
The eight-headed hydra grows two more!
You mangle the ten-headed hydra!!
The ten-headed hydra is heavily wounded.
The water moccasin barely misses you.
Fannar mumbles some strange words.
The water moccasin bites you but does no damage.
You claw one of the ten-headed hydra's heads off!
The nine-headed hydra grows two more!
You claw the 11-headed hydra!
The 11-headed hydra is heavily wounded.
You block the water moccasin's attack.
The 11-headed hydra bites you but does no damage.
You block the 11-headed hydra's attack. The 11-headed hydra bites you.
The 11-headed hydra closely misses you. x3
The 11-headed hydra completely misses you.
You block the 11-headed hydra's attack. The 11-headed hydra bites you!
You block the 11-headed hydra's attack. The 11-headed hydra barely misses you.
The water moccasin bites you but does no damage. x2
You tear one of the 11-headed hydra's heads off!
The ten-headed hydra grows two more!
You claw the 12-headed hydra!
The 12-headed hydra is heavily wounded.
The water moccasin bites you but does no damage.
The 12-headed hydra bites you but does no damage.
The 12-headed hydra bites you.
The 12-headed hydra bites you but does no damage. x4
You block the 12-headed hydra's attack. x2; The 12-headed hydra bites you!
The 12-headed hydra bites you but does no damage. x2
You block the 12-headed hydra's attack.
The water moccasin bites you but does no damage.
9463 ||| READING 2 scrolls of teleportation.
As you read the scroll of teleportation, it crumbles to dust.
You feel strangely unstable.
The water moccasin bites you but does no damage.
The 12-headed hydra bites you! The 12-headed hydra closely misses you.
The 12-headed hydra bites you but does no damage.
The 12-headed hydra closely misses you. You block the 12-headed hydra's attack.
The 12-headed hydra bites you. You block the 12-headed hydra's attack.
The 12-headed hydra bites you.
You die...

#.. #...## ##...
##...# #..... #...##
#P.... ##+### #....#
......##..#.###...##
......#.#..#.....##
...........e......#
..........YSY....##
.........%YS@....#
........##.D.....#
.......####.#....#
#....S. ....#...#
#...... ...#.....#
....... #...#....##
.....e( #...# ...[#
....S.D #...# ...##
#.....< ....# .$#


You could see Fannar, a 12-headed hydra, 2 water moccasins and 3 ice beasts.

Vanquished Creatures
  A boulder beetle (Lair:1)
  A hydra (Lair:1)
  A two-headed ogre (D:9)
  A cyclops (D:8)
  5 elephants
  3 cane toads (Lair:1)
  Maggie (D:8)
  4 rime drakes (Lair:2)
  2 komodo dragons (Lair:1)
  A polar bear (Lair:1)
  A hornet (D:9)
  6 yaks (D:9)
  2 steam dragons
  A water moccasin (D:6)
  6 black bears
  An orc warrior (D:8)
  2 ice beasts
  3 ogres
  2 centaurs
  4 kobold brigands
  2 phantoms (D:5)
  9 bullfrogs
  A scorpion (D:5)
  13 wights
  9 orc priests
  4 hounds
  2 jellies
  2 iguanas
  12 orc wizards
  12 adders
  3 shadow imps
  2 white imps
  2 ufetubi (D:6)
  2 worms
  3 dart slugs
  38 orcs
  3 endoplasms
  4 giant cockroaches
  4 hobgoblins
  9 jackals
  5 quokkas
  9 ball pythons
  8 bats
  4 frilled lizards
  5 goblins
  19 kobolds
  7 rats (D:1)
241 creatures vanquished.

Vanquished Creatures (others)
  An orc wizard (D:4)
  4 fungi
  6 plants
11 creatures vanquished.

Grand Total: 252 creatures vanquished

Notes
Turn   | Place    | Note
-------+----------+-------------------------------------------
     0 | D:1      | qw the Troll Cinder Acolyte began the quest for the Orb.
     0 | D:1      | Reached XP level 1. HP: 22/22 MP: 1/1
     0 | D:1      | 0 ||| qw: Version: 0.1-a-102-g441f92d
     0 | D:1      | 0 ||| qw: Game counter: 5242
     0 | D:1      | 0 ||| qw: Always use a shield: true
     0 | D:1      | 0 ||| qw: God list: Okawaru
     0 | D:1      | 0 ||| qw: Allow faded altars: false
     0 | D:1      | 0 ||| qw: Do Orc after D:15 true
     0 | D:1      | 0 ||| qw: Do second Lair branch before Depths: true
     0 | D:1      | 0 ||| qw: Lair rune preference: random
     0 | D:1      | 0 ||| qw: Plans: Normal
     0 | D:1      | 0 ||| PLANNING D:1-11
    26 | D:1      | 26 ||| Stepping ~*~*~tactically~*~*~ (stealth).
    38 | D:1      | 38 ||| Stepping ~*~*~tactically~*~*~ (stealth).
   109 | D:1      | Reached XP level 2. HP: 29/29 MP: 2/2
   264 | D:1      | Reached skill level 4 in Unarmed Combat
   356 | D:1      | Found a faded altar of an unknown god.
   588 | D:1      | Reached XP level 3. HP: 36/36 MP: 3/3
   997 | D:1      | 997 ||| UPGRADING to +0 kite shield.
  1002 | D:1      | 1002 ||| READING scroll labelled ONLIUGHIRE.
  1003 | D:1      | 1003 ||| READING scroll labelled BOIGIN DAOHU.
  1004 | D:1      | 1004 ||| DRINKING 2 sapphire potions.
  1005 | D:1      | 1005 ||| DROPPING potion of degeneration.
  1052 | D:2      | 1052 ||| FLEEEEING.
  1054 | D:2      | 1054 ||| STAIRDANCE
  1109 | D:2      | Reached skill level 1 in Shields
  1344 | D:2      | 1344 ||| Stepping ~*~*~tactically~*~*~ (stealth).
  1346 | D:2      | 1346 ||| Stepping ~*~*~tactically~*~*~ (stealth).
  1396 | D:2      | Reached XP level 4. HP: 44/44 MP: 4/4
  1551 | D:2      | Found Nitzeen's Jewellery Emporium.
  1565 | D:2      | 1565 ||| SHOPLISTING +6 ring of strength (396 gold, have
                  | 119).
  1565 | D:2      | 1565 ||| SHOPLISTING amulet of Pecocif {Acrobat Drain rElec
                  | Str+7} (584 gold, have 119).
  1565 | D:2      | 1565 ||| SHOPLISTING amulet of reflection (330 gold, have
                  | 119).
  1565 | D:2      | 1565 ||| SHOPLISTING ring of positive energy (220 gold,
                  | have 119).
  1669 | D:2      | Found a runed translucent door.
  1670 | D:2      | Noticed Crazy Yiuf
  1673 | D:2      | 1673 ||| UPGRADING to amulet of the acrobat.
  1678 | D:2      | 1678 ||| READING scroll labelled FUEMUP ZURAUGH.
  1679 | D:2      | 1679 ||| READING 4 scrolls labelled MOYLIY MOTHRORRIC.
  1706 | D:2      | 1706 ||| DRINKING 2 glowing amethyst potions.
  1826 | D:3      | Reached skill level 3 in Shields
  1890 | D:3      | 1890 ||| Stepping ~*~*~tactically~*~*~ (outnumbered).
  1893 | D:3      | Reached XP level 5. HP: 50/50 MP: 5/5
  1993 | D:3      | 1993 ||| Stepping ~*~*~tactically~*~*~ (stealth).
  2074 | D:3      | Found a glowing silver altar of Zin.
  2249 | D:3      | 2249 ||| INVOKING Fiery Armour.
  2393 | D:3      | 2393 ||| INVOKING Fiery Armour.
  2404 | D:3      | Reached skill level 1 in Throwing
  2408 | D:3      | Reached XP level 6. HP: 41/59 MP: 6/6
  2671 | D:3      | 2671 ||| UPGRADING to +2 robe of cold resistance.
  2681 | D:3      | 2681 ||| DROPPING +0 robe.
  2682 | D:3      | 2682 ||| READING scroll labelled IBBITH OVUZ.
  2683 | D:3      | 2683 ||| DRINKING 2 smoky silvery potions.
  2684 | D:3      | 2684 ||| READING 3 scrolls of identify.
  2684 | D:3      | 2684 ||| IDENTIFYING lumpy cyan potion
  2685 | D:3      | 2685 ||| READING 2 scrolls of identify.
  2685 | D:3      | 2685 ||| IDENTIFYING sedimented pink potion
  2686 | D:3      | 2686 ||| DROPPING potion of invisibility.
  2789 | D:4      | Reached skill level 5 in Unarmed Combat
  2844 | D:4      | Reached skill level 6 in Unarmed Combat
  2896 | D:4      | Found a burning altar of Makhleb.
  2898 | D:4      | 2898 ||| Stepping ~*~*~tactically~*~*~ (stealth).
  2901 | D:4      | 2901 ||| Stepping ~*~*~tactically~*~*~ (hiding).
  2907 | D:4      | 2907 ||| INVOKING Fiery Armour.
  2921 | D:4      | Reached XP level 7. HP: 66/66 MP: 7/7
  3039 | D:4      | 3039 ||| Stepping ~*~*~tactically~*~*~ (outnumbered).
  3620 | D:4      | 3620 ||| UPGRADING to ring of positive energy.
  3621 | D:4      | 3621 ||| UPGRADING to ring of willpower.
  3622 | D:4      | 3622 ||| READING 3 scrolls labelled PIS GUBOFIO.
  3623 | D:4      | 3623 ||| READING scroll labelled LOATE XOZIOTEU.
  3624 | D:4      | 3624 ||| READING 2 scrolls of identify.
  3624 | D:4      | 3624 ||| IDENTIFYING fuming cyan potion
  3625 | D:4      | 3625 ||| DROPPING 2 scrolls of summoning.
  3652 | D:5      | Entered Level 5 of the Dungeon
  3696 | D:5      | Found a snail-covered altar of Cheibriados.
  3702 | D:5      | 3702 ||| Stepping ~*~*~tactically~*~*~ (hiding).
  3704 | D:5      | 3704 ||| Stepping ~*~*~tactically~*~*~ (hiding).
  3727 | D:5      | Reached skill level 7 in Unarmed Combat
  3884 | D:5      | Reached XP level 8. HP: 63/74 MP: 8/8
  3884 | D:5      | 3884 ||| FLEEEEING.
  3885 | D:5      | 3885 ||| FLEEEEING.
  3886 | D:5      | 3886 ||| FLEEEEING.
  3887 | D:5      | 3887 ||| FLEEEEING.
  3914 | D:5      | Reached skill level 6 in Shields
  4110 | D:5      | 4110 ||| Stepping ~*~*~tactically~*~*~ (stealth).
  4116 | D:5      | 4116 ||| Stepping ~*~*~tactically~*~*~ (outnumbered).
  4117 | D:5      | 4117 ||| Stepping ~*~*~tactically~*~*~ (outnumbered).
  4118 | D:5      | 4118 ||| Stepping ~*~*~tactically~*~*~ (outnumbered).
  4119 | D:5      | 4119 ||| Stepping ~*~*~tactically~*~*~ (outnumbered).
  4120 | D:5      | 4120 ||| Stepping ~*~*~tactically~*~*~ (outnumbered).
  4121 | D:5      | 4121 ||| Stepping ~*~*~tactically~*~*~ (outnumbered).
  4122 | D:5      | 4122 ||| Stepping ~*~*~tactically~*~*~ (outnumbered).
  4123 | D:5      | 4123 ||| Stepping ~*~*~tactically~*~*~ (outnumbered).
  4124 | D:5      | 4124 ||| Stepping ~*~*~tactically~*~*~ (outnumbered).
  4412 | D:5      | Reached skill level 8 in Unarmed Combat
  4472 | D:5      | 4472 ||| READING scroll labelled RENEED JATOG.
  4473 | D:5      | 4473 ||| READING 2 scrolls of identify.
  4473 | D:5      | 4473 ||| IDENTIFYING cyan potion
  4474 | D:5      | 4474 ||| DROPPING potion of brilliance.
  4582 | D:6      | 4582 ||| Stepping ~*~*~tactically~*~*~ (hiding).
  4595 | D:6      | Reached skill level 3 in Fighting
  4595 | D:6      | 4595 ||| INVOKING Fiery Armour.
  4598 | D:6      | 4598 ||| FLEEEEING.
  4602 | D:6      | 4602 ||| FLEEEEING.
  4604 | D:6      | 4604 ||| FLEEEEING.
  4605 | D:6      | 4605 ||| FLEEEEING.
  4608 | D:6      | 4608 ||| FLEEEEING.
  4609 | D:6      | 4609 ||| FLEEEEING.
  4610 | D:6      | 4610 ||| FLEEEEING.
  4611 | D:6      | 4611 ||| FLEEEEING.
  4619 | D:6      | 4619 ||| STAIRDANCE
  4636 | D:5      | 4636 ||| READING scroll labelled ASARACR GUHEAT.
  4799 | D:6      | Found an iron altar of Okawaru.
  4965 | D:6      | 4965 ||| Stepping ~*~*~tactically~*~*~ (stealth).
  4991 | D:6      | Reached skill level 9 in Unarmed Combat
  5059 | D:6      | Found a staircase to the Ecumenical Temple.
  5119 | D:6      | 5119 ||| Stepping ~*~*~tactically~*~*~ (hiding).
  5124 | D:6      | Reached XP level 9. HP: 83/83 MP: 9/9
  5124 | D:6      | 5124 ||| Stepping ~*~*~tactically~*~*~ (outnumbered).
  5125 | D:6      | 5125 ||| Stepping ~*~*~tactically~*~*~ (outnumbered).
  5126 | D:6      | 5126 ||| Stepping ~*~*~tactically~*~*~ (outnumbered).
  5127 | D:6      | 5127 ||| Stepping ~*~*~tactically~*~*~ (outnumbered).
  5129 | D:6      | 5129 ||| Stepping ~*~*~tactically~*~*~ (outnumbered).
  5130 | D:6      | 5130 ||| Stepping ~*~*~tactically~*~*~ (outnumbered).
  5133 | D:6      | 5133 ||| Stepping ~*~*~tactically~*~*~ (outnumbered).
  5134 | D:6      | 5134 ||| Stepping ~*~*~tactically~*~*~ (outnumbered).
  5135 | D:6      | 5135 ||| Stepping ~*~*~tactically~*~*~ (outnumbered).
  5150 | D:6      | 5150 ||| Stepping ~*~*~tactically~*~*~ (hiding).
  5403 | D:6      | 5403 ||| Stepping ~*~*~tactically~*~*~ (stealth).
  5404 | D:6      | 5404 ||| Stepping ~*~*~tactically~*~*~ (stealth).
  5427 | D:6      | 5427 ||| UPGRADING to ring of willpower.
  5429 | D:6      | 5429 ||| READING scroll labelled ZAORPH LAKKATSA.
  5430 | D:6      | 5430 ||| READING 2 scrolls of identify.
  5430 | D:6      | 5430 ||| IDENTIFYING bubbling amethyst potion
  5431 | D:6      | 5431 ||| DROPPING potion of attraction.
  5464 | D:7      | Reached skill level 1 in Dodging
  5510 | D:7      | 5510 ||| Stepping ~*~*~tactically~*~*~ (stealth).
  5529 | D:7      | 5529 ||| Stepping ~*~*~tactically~*~*~ (stealth).
  5533 | D:7      | 5533 ||| Stepping ~*~*~tactically~*~*~ (hiding).
  5549 | D:7      | 5549 ||| Stepping ~*~*~tactically~*~*~ (stealth).
  5574 | D:7      | 5574 ||| FLEEEEING.
  5575 | D:7      | 5575 ||| FLEEEEING.
  5576 | D:7      | 5576 ||| FLEEEEING.
  5577 | D:7      | 5577 ||| FLEEEEING.
  5578 | D:7      | 5578 ||| FLEEEEING.
  5579 | D:7      | 5579 ||| FLEEEEING.
  5580 | D:7      | 5580 ||| FLEEEEING.
  5581 | D:7      | 5581 ||| FLEEEEING.
  5582 | D:7      | 5582 ||| FLEEEEING.
  5583 | D:7      | 5583 ||| FLEEEEING.
  5584 | D:7      | 5584 ||| FLEEEEING.
  5585 | D:7      | 5585 ||| FLEEEEING.
  5586 | D:7      | 5586 ||| FLEEEEING.
  5587 | D:7      | 5587 ||| FLEEEEING.
  5588 | D:7      | 5588 ||| FLEEEEING.
  5589 | D:7      | 5589 ||| FLEEEEING.
  5590 | D:7      | 5590 ||| FLEEEEING.
  5591 | D:7      | 5591 ||| FLEEEEING.
  5592 | D:7      | 5592 ||| FLEEEEING.
  5593 | D:7      | 5593 ||| FLEEEEING.
  5594 | D:7      | 5594 ||| FLEEEEING.
  5607 | D:7      | Reached skill level 10 in Unarmed Combat
  5715 | D:7      | 5715 ||| Stepping ~*~*~tactically~*~*~ (stealth).
  5718 | D:7      | 5718 ||| Stepping ~*~*~tactically~*~*~ (stealth).
  5724 | D:7      | 5724 ||| Stepping ~*~*~tactically~*~*~ (stealth).
  5728 | D:7      | 5728 ||| Stepping ~*~*~tactically~*~*~ (stealth).
  5732 | D:7      | 5732 ||| Stepping ~*~*~tactically~*~*~ (stealth).
  5852 | D:7      | 5852 ||| Stepping ~*~*~tactically~*~*~ (stealth).
  5854 | D:7      | 5854 ||| Stepping ~*~*~tactically~*~*~ (hiding).
  5971 | D:7      | 5971 ||| INVOKING Fiery Armour.
  6067 | D:7      | 6067 ||| DRINKING 2 grey potions.
  6099 | D:7      | 6099 ||| DROPPING potion of lignification.
  6112 | D:8      | Noticed Maggie
  6113 | D:8      | 6113 ||| INVOKING Fiery Armour.
  6114 | D:8      | 6114 ||| STAIRDANCE
  6124 | D:8      | 6124 ||| STAIRDANCE
  6129 | D:8      | 6129 ||| STAIRDANCE
  6144 | D:8      | Killed Maggie
  6228 | D:8      | 6228 ||| Stepping ~*~*~tactically~*~*~ (stealth).
  6238 | D:8      | 6238 ||| Stepping ~*~*~tactically~*~*~ (hiding).
  6239 | D:8      | 6239 ||| Stepping ~*~*~tactically~*~*~ (hiding).
  6240 | D:8      | 6240 ||| Stepping ~*~*~tactically~*~*~ (hiding).
  6304 | D:8      | 6304 ||| Stepping ~*~*~tactically~*~*~ (outnumbered).
  6305 | D:8      | 6305 ||| Stepping ~*~*~tactically~*~*~ (outnumbered).
  6313 | D:8      | 6313 ||| INVOKING Fiery Armour.
  6414 | D:8      | 6414 ||| Stepping ~*~*~tactically~*~*~ (outnumbered).
  6470 | D:8      | 6470 ||| Stepping ~*~*~tactically~*~*~ (stealth).
  6473 | D:8      | 6473 ||| Stepping ~*~*~tactically~*~*~ (stealth).
  6477 | D:8      | 6477 ||| Stepping ~*~*~tactically~*~*~ (stealth).
  6479 | D:8      | 6479 ||| Stepping ~*~*~tactically~*~*~ (hiding).
  6490 | D:8      | 6490 ||| Stepping ~*~*~tactically~*~*~ (outnumbered).
  6491 | D:8      | 6491 ||| Stepping ~*~*~tactically~*~*~ (outnumbered).
  6492 | D:8      | 6492 ||| Stepping ~*~*~tactically~*~*~ (outnumbered).
  6511 | D:8      | Noticed a cyclops
  6521 | D:8      | 6521 ||| FLEEEEING.
  6522 | D:8      | 6522 ||| FLEEEEING.
  6523 | D:8      | 6523 ||| FLEEEEING.
  6524 | D:8      | 6524 ||| FLEEEEING.
  6525 | D:8      | 6525 ||| FLEEEEING.
  6526 | D:8      | 6526 ||| FLEEEEING.
  6527 | D:8      | 6527 ||| FLEEEEING.
  6531 | D:8      | 6531 ||| FLEEEEING.
  6532 | D:8      | 6532 ||| FLEEEEING.
  6533 | D:8      | 6533 ||| FLEEEEING.
  6534 | D:8      | 6534 ||| FLEEEEING.
  6536 | D:8      | 6536 ||| STAIRDANCE
  6564 | D:7      | 6564 ||| UPGRADING to +0 swamp dragon scales.
  6574 | D:7      | 6574 ||| DROPPING +2 robe of cold resistance.
  6575 | D:7      | 6575 ||| READING 2 scrolls of enchant armour.
  6575 | D:7      | 6575 ||| ENCHANTING +0 swamp dragon scales.
  6576 | D:7      | 6576 ||| READING scroll of enchant armour.
  6576 | D:7      | 6576 ||| ENCHANTING +1 swamp dragon scales.
  6577 | D:7      | 6577 ||| READING scroll labelled BONGALIUDD.
  6578 | D:7      | 6578 ||| READING 3 scrolls of identify.
  6578 | D:7      | 6578 ||| IDENTIFYING lumpy amethyst potion
  6579 | D:7      | 6579 ||| READING 2 scrolls of identify.
  6579 | D:7      | 6579 ||| IDENTIFYING dark potion
  6580 | D:7      | 6580 ||| DROPPING potion of flight.
  6581 | D:7      | 6581 ||| DROPPING potion of magic.
  6588 | D:8      | Killed a cyclops
  6589 | D:8      | Reached XP level 10. HP: 50/93 MP: 10/10
  6589 | D:8      | 6589 ||| STAIRDANCE
  6848 | D:8      | 6848 ||| Stepping ~*~*~tactically~*~*~ (hiding).
  6957 | D:8      | 6957 ||| READING 4 scrolls of teleportation.
  6991 | D:9      | Found a staircase to the Lair.
  7184 | D:9      | 7184 ||| Stepping ~*~*~tactically~*~*~ (hiding).
  7192 | D:9      | Reached skill level 3 in Throwing
  7378 | D:9      | Noticed a two-headed ogre
  7382 | D:9      | Killed a two-headed ogre
  7383 | D:9      | Reached skill level 11 in Unarmed Combat
  7436 | D:9      | 7436 ||| Stepping ~*~*~tactically~*~*~ (stealth).
  7439 | D:9      | 7439 ||| Stepping ~*~*~tactically~*~*~ (stealth).
  7444 | D:9      | 7444 ||| Stepping ~*~*~tactically~*~*~ (outnumbered).
  7445 | D:9      | 7445 ||| Stepping ~*~*~tactically~*~*~ (outnumbered).
  7446 | D:9      | 7446 ||| Stepping ~*~*~tactically~*~*~ (outnumbered).
  7457 | D:9      | 7457 ||| INVOKING Fiery Armour.
  7459 | D:9      | 7459 ||| Stepping ~*~*~tactically~*~*~ (outnumbered).
  7460 | D:9      | 7460 ||| Stepping ~*~*~tactically~*~*~ (outnumbered).
  7461 | D:9      | 7461 ||| Stepping ~*~*~tactically~*~*~ (outnumbered).
  7462 | D:9      | 7462 ||| Stepping ~*~*~tactically~*~*~ (outnumbered).
  7463 | D:9      | 7463 ||| Stepping ~*~*~tactically~*~*~ (outnumbered).
  7465 | D:9      | 7465 ||| Stepping ~*~*~tactically~*~*~ (outnumbered).
  7568 | D:9      | 7568 ||| FLEEEEING.
  7569 | D:9      | 7569 ||| FLEEEEING.
  7570 | D:9      | 7570 ||| FLEEEEING.
  7571 | D:9      | 7571 ||| FLEEEEING.
  7572 | D:9      | 7572 ||| FLEEEEING.
  7573 | D:9      | 7573 ||| FLEEEEING.
  7575 | D:9      | 7575 ||| FLEEEEING.
  7576 | D:9      | 7576 ||| FLEEEEING.
  7577 | D:9      | 7577 ||| FLEEEEING.
  7578 | D:9      | 7578 ||| FLEEEEING.
  7579 | D:9      | 7579 ||| FLEEEEING.
  7580 | D:9      | 7580 ||| FLEEEEING.
  7609 | D:9      | 7609 ||| Stepping ~*~*~tactically~*~*~ (outnumbered).
  7613 | D:9      | 7613 ||| Stepping ~*~*~tactically~*~*~ (outnumbered).
  7690 | D:9      | 7690 ||| READING scroll of enchant armour.
  7690 | D:9      | 7690 ||| ENCHANTING +2 swamp dragon scales.
  7696 | D:9      | Reached skill level 9 in Shields
  7853 | D:9      | 7853 ||| PLANNING LAIR
  7853 | D:9      | 7853 ||| UPGRADING to +0 cloak.
  7858 | D:9      | 7858 ||| DRINKING 2 fizzy ruby potions.
  7858 | D:9      | Gained mutation: You are partially covered in iridescent
                  | scales. (AC +2) [potion of mutation]
  7858 | D:9      | Gained mutation: You are clumsy. (Dex -2) [potion of
                  | mutation]
  7902 | Lair:1   | Entered Level 1 of the Lair of Beasts
  7935 | Lair:1   | Noticed an elephant
  7935 | Lair:1   | Noticed an elephant
  7937 | Lair:1   | Noticed an elephant
  7938 | Lair:1   | 7938 ||| Stepping ~*~*~tactically~*~*~ (stealth).
  7939 | Lair:1   | 7939 ||| Stepping ~*~*~tactically~*~*~ (stealth).
  7945 | Lair:1   | 7945 ||| Stepping ~*~*~tactically~*~*~ (outnumbered).
  7946 | Lair:1   | 7946 ||| Stepping ~*~*~tactically~*~*~ (outnumbered).
  7947 | Lair:1   | 7947 ||| Stepping ~*~*~tactically~*~*~ (outnumbered).
  7948 | Lair:1   | 7948 ||| Stepping ~*~*~tactically~*~*~ (outnumbered).
  7950 | Lair:1   | 7950 ||| Stepping ~*~*~tactically~*~*~ (outnumbered).
  7951 | Lair:1   | 7951 ||| Stepping ~*~*~tactically~*~*~ (outnumbered).
  7952 | Lair:1   | 7952 ||| Stepping ~*~*~tactically~*~*~ (outnumbered).
  7953 | Lair:1   | 7953 ||| Stepping ~*~*~tactically~*~*~ (outnumbered).
  7954 | Lair:1   | 7954 ||| Stepping ~*~*~tactically~*~*~ (outnumbered).
  7955 | Lair:1   | 7955 ||| Stepping ~*~*~tactically~*~*~ (outnumbered).
  7956 | Lair:1   | 7956 ||| Stepping ~*~*~tactically~*~*~ (outnumbered).
  7957 | Lair:1   | 7957 ||| Stepping ~*~*~tactically~*~*~ (outnumbered).
  7958 | Lair:1   | 7958 ||| Stepping ~*~*~tactically~*~*~ (outnumbered).
  7959 | Lair:1   | 7959 ||| Stepping ~*~*~tactically~*~*~ (outnumbered).
  7960 | Lair:1   | 7960 ||| Stepping ~*~*~tactically~*~*~ (outnumbered).
  7961 | Lair:1   | 7961 ||| Stepping ~*~*~tactically~*~*~ (outnumbered).
  7962 | Lair:1   | 7962 ||| Stepping ~*~*~tactically~*~*~ (outnumbered).
  7963 | Lair:1   | Noticed a cane toad
  7964 | Lair:1   | 7964 ||| Stepping ~*~*~tactically~*~*~ (outnumbered).
  7965 | Lair:1   | 7965 ||| Stepping ~*~*~tactically~*~*~ (outnumbered).
  7967 | Lair:1   | Killed an elephant
  7968 | Lair:1   | Killed an elephant
  7969 | Lair:1   | Reached skill level 12 in Unarmed Combat
  7975 | Lair:1   | 7975 ||| INVOKING Fiery Armour.
  7976 | Lair:1   | Killed a cane toad
  7977 | Lair:1   | Reached XP level 11. HP: 45/101 MP: 11/11
  8159 | Lair:1   | Noticed a boulder beetle
  8163 | Lair:1   | 8163 ||| INVOKING Fiery Armour.
  8191 | Lair:1   | Killed a boulder beetle
  8407 | Lair:1   | 8407 ||| Stepping ~*~*~tactically~*~*~ (stealth).
  8416 | Lair:1   | 8416 ||| Stepping ~*~*~tactically~*~*~ (stealth).
  8417 | Lair:1   | Noticed a five-headed hydra
  8418 | Lair:1   | 8418 ||| INVOKING Fiery Armour.
  8421 | Lair:1   | 8421 ||| Stepping ~*~*~tactically~*~*~ (stealth).
  8425 | Lair:1   | 8425 ||| Stepping ~*~*~tactically~*~*~ (outnumbered).
  8426 | Lair:1   | 8426 ||| Stepping ~*~*~tactically~*~*~ (outnumbered).
  8427 | Lair:1   | 8427 ||| Stepping ~*~*~tactically~*~*~ (outnumbered).
  8428 | Lair:1   | 8428 ||| Stepping ~*~*~tactically~*~*~ (outnumbered).
  8431 | Lair:1   | 8431 ||| Stepping ~*~*~tactically~*~*~ (outnumbered).
  8432 | Lair:1   | 8432 ||| Stepping ~*~*~tactically~*~*~ (outnumbered).
  8435 | Lair:1   | 8435 ||| Stepping ~*~*~tactically~*~*~ (outnumbered).
  8436 | Lair:1   | 8436 ||| Stepping ~*~*~tactically~*~*~ (outnumbered).
  8439 | Lair:1   | Killed a six-headed hydra
  9027 | Lair:2   | 9027 ||| Stepping ~*~*~tactically~*~*~ (hiding).
  9049 | Lair:2   | Reached skill level 13 in Unarmed Combat
  9050 | Lair:2   | 9050 ||| Stepping ~*~*~tactically~*~*~ (stealth).
  9062 | Lair:2   | 9062 ||| INVOKING Fiery Armour.
  9160 | Lair:2   | 9160 ||| PLANNING CONVERSION TO OKAWARU
  9309 | D:6      | 9309 ||| PLANNING D:1-11
  9339 | D:5      | 9339 ||| READING 3 scrolls of teleportation.
  9340 | D:5      | 9340 ||| PLANNING LAIR
  9442 | Lair:2   | Noticed Fannar
  9443 | Lair:2   | Noticed a six-headed hydra
  9444 | Lair:2   | 9444 ||| Stepping ~*~*~tactically~*~*~ (hiding).
  9445 | Lair:2   | 9445 ||| Stepping ~*~*~tactically~*~*~ (stealth).
  9456 | Lair:2   | 9456 ||| Stepping ~*~*~tactically~*~*~ (outnumbered).
  9457 | Lair:2   | 9457 ||| Stepping ~*~*~tactically~*~*~ (outnumbered).
  9462 | Lair:2   | HP: 19/104 [12-headed hydra (9)]
  9463 | Lair:2   | 9463 ||| READING 2 scrolls of teleportation.
  9463 | Lair:2   | HP: 8/104 [12-headed hydra (12)]
  9463 | Lair:2   | Slain by a 12-headed hydra

Levels and vault maps discovered:
D:1:      dpeg_arrival_pond, layout_basic, ebering_ecumenical_altar_hall
D:2:      layout_basic, serial_shops, shop, nicolae_figureground_pulse,
          uniq_crazy_yiuf_cottage
D:3:      layout_loops_ring, mainiacjoe_overflow_alcove_2, kennysheep_orc_chapel
D:4:      layout_basic, mainiacjoe_overflow_catwalk, chequers_big_river
D:5:      layout_layer_cave, cheibriados_altar_1
D:6:      layout_gridville, okawaru_trees_2, minmay_temple_entry_butterflies
D:7:      layout_rooms, nrook_campfire
D:8:      layout_rooms, uniq_maggie
D:9:      layout_loops_ring, dpeg_oklobed_lair
Lair:1:   layout_long_grid
Lair:2:   layout_regular_city, chequers_serial_rivers_small_b,
          bobbens_dragon_lair_wall, uniq_erica, uniq_prince_ribbit2, uniq_fannar

Skill      XL: |  1  2  3  4  5  6  7  8  9 10 11 |
---------------+----------------------------------+-----
Unarmed Combat | 4 6 7 9 10 12 13 | 13.0
Shields        | 1 3 4 5 6 8 9 |  9.5
Throwing       | 1 2 4 5 |  5.3
Fighting       | 3 4 5 |  5.4
Dodging        | 1 |  1.2
Armour         | 2 |  2.1
Spellcasting   | |  1.0
Fire Magic     | |  2.1

Action                   |  1- 3 |  4- 6 |  7- 9 | 10-12 || total
-------------------------+-------+-------+-------+-------++-------
Melee: Unarmed           |   119 |   146 |   323 |   207 ||   795
       Punch             |     1 |       |       |       ||     1
Throw: Boomerang         |     6 |    37 |    33 |       ||    76
       Javelin           |       |     7 |    35 |       ||    42
       Large rock        |       |       |       |    16 ||    16
Invok: Fiery Armour      |       |     3 |     4 |     5 ||    12
  Use: Scroll            |     2 |     5 |    13 |     4 ||    24
       Potion            |     1 |     2 |     1 |     1 ||     5
Armor: Robe              |    33 |    60 |    81 |       ||   174
       Swamp dragon scal |       |       |       |   122 ||   122
Dodge: Dodged            |    34 |    58 |    97 |    85 ||   274
Block: Kite shield       |     9 |    37 |   101 |    85 ||   232

Table legend:
 A = Non-vault XP
 B = Vault XP
 C = Vault XP percentage of total XP
 D = Non-vault monster count
 E = Vault monster count
 F = Vault count percentage of total count
                 A         B        C        D         E       F
            +---------+---------+-------+---------+---------+-------
      Total |   15433 |    1984 |  11.4 |     232 |      10 |   4.1
            +---------+---------+-------+---------+---------+-------
        D:1 |      55 |       0 |   0.0 |      35 |       0 |   0.0
        D:2 |      62 |       0 |   0.0 |      16 |       0 |   0.0
        D:3 |     194 |     135 |  41.0 |      24 |       5 |  17.2
        D:4 |     416 |       0 |   0.0 |      20 |       0 |   0.0
        D:5 |    1136 |       0 |   0.0 |      23 |       0 |   0.0
        D:6 |    1262 |       0 |   0.0 |      29 |       0 |   0.0
        D:7 |    1296 |       0 |   0.0 |      25 |       0 |   0.0
        D:8 |    1268 |     404 |  24.2 |      24 |       1 |   4.0
        D:9 |    3198 |       0 |   0.0 |      21 |       0 |   0.0
     Lair:1 |    5914 |       0 |   0.0 |      12 |       0 |   0.0
     Lair:2 |     632 |    1445 |  69.6 |       3 |       4 |  57.1
            +---------+---------+-------+---------+---------+-------
